[Event "Late-Titled-Tuesday-Blitz-January-23-2024"]
[Site "Chess.com"]
[Date "2024.01.23"]
[Round "5"]
[White "K_A_S_T_O_R"]
[Black "Goryachkina"]
[Result "1-0"]
[WhiteElo "2894"]
[BlackElo "2697"]
[TimeControl "180+1"]
[EndTime "14:55:12 PST"]
[Termination "K_A_S_T_O_R won on time"]

1. e4 c5 2. Nf3 e6 3. d4 cxd4 4. Nxd4 Nc6 5. Nb5 d6 6. c4 Nf6 7. N1c3 a6 8. Na3 Be7 9. Be2 O-O 10. O-O b6 11. Be3 Bb7 12. Rc1 Ne5 13. f3 Ng6 14.
Qb3 Nd7 15. Rfd1 Nc5 16. Qc2 Qc7 17. Qd2 Rfd8 18. Bf1 Rac8 19. Bg5 h6 20. Bxe7 Qxe7 21. Qe3 Bc6 22. Nc2 Qb7 23. Nd4 Be8 24. Rd2 Na4 25.
Nce2 b5 26. b3 Nb6 27. cxb5 axb5 28. Rcd1 d5 29. e5 b4 30. f4 Nd7 31. Ng3 Rc3 32.
Qf2 Rdc8 33. Bd3 Ne7 34. Bb1 Rc1 35. h3 Rxd1+ 36. Rxd1 Rc3 37. Nge2 Rc8 38. Kh2 Nc5 39. Ng3 Bd7 40. f5 exf5 41. Ngxf5 Nxf5 42. Nxf5 Bxf5 43. Qxf5 g6 44. Qf4 Ne6 45. Qxh6 Qc7 46. Re1 d4 47. h4 Rd8 48. Bd3 Qc3 49. Rd1 Nc5 50. Bc4 1-0

[Event "Late-Titled-Tuesday-Blitz-January-23-2024"]
[Site "Chess.com"]
[Date "2024.01.23"]
[Round "5"]
[White "vladislavkovalev"]
[Black "Kamilek84"]
[Result "0-1"]
[WhiteElo "2859"]
[BlackElo "2707"]
[TimeControl "180+1"]
[EndTime "14:55:12 PST"]
[Termination "Kamilek84 won on time"]

1. e4 d5 2. exd5 Qxd5 3. Nc3 Qd8 4. d4 Nf6 5. Nf3 g6 6. h3 Bg7 7. Bc4 O-O 8. O-O a6 9. a4 Nc6 10. Re1 e6 11. Bf4 Ne7 12. Qd2 b6 13. Rad1 Bb7 14. Ne5 Nf5 15. Nxf7 Rxf7 16. Bxe6 Nd5 17. Ne4 Nxf4 18.
Qxf4 Bd5 19. Bxf7+ Bxf7 20. c3 h6 21. d5 Qd7 22. d6 cxd6 23. Nxd6 Qc7 24. Qf3 Rf8 25.
Nxf5 gxf5 26. Rd2 Bb3 27. Qd3 Qc6 28. Qxa6 Bxa4 29. Qd3 Bb3 30. Qd6 Qxd6 31. Rxd6 b5 32. Rd7 Bc4 33. Red1 Re8 34. Rd8 Kf7 35. R1d7+ Re7 36.
Rxe7+ Kxe7 37. Rb8 Be5 38. Rb6 h5 39. Rh6 Be2 40.
f3 Bf4 41. Rxh5 Be3+ 42. Kh2 f4 43. h4 Kf6 44. b4 Bd2 45. Rc5 Bc4 46. Kh3 Bxc3 0-1

[Event "Late-Titled-Tuesday-Blitz-January-23-2024"]
[Site "Chess.com"]
[Date "2024.01.23"]
[Round "5"]
[White "alexrustemov"]
[Black "bazar-wokzal"]
[Result "0-1"]
[WhiteElo "2837"]
[BlackElo "2591"]
[TimeControl "180+1"]
[EndTime "14:55:12 PST"]
[Termination "bazar-wokzal won by checkmate"]

1. d4 Nf6 2. Bg5 e6 3. e3 h6 4.
Bh4 c5 5. Nd2 b6 6. Bd3 Bb7 7.
Ngf3 g5 8. Bg3 g4 9. Ne5 Rg8 10. f3 h5 11. fxg4 hxg4 12. O-O Be7 13. Bh4 d6 14. Bxf6 Bxf6 15. Nxg4 Bg5 16. Qe2 f5 17. Bxf5 exf5 18. Rxf5 Nd7 19. Raf1 Qe7 20. Nf3 O-O-O 21. Nxg5 Rxg5 22. Rxg5 Qxg5 23. h3 Re8 24. Qf2 Rf8 25. Qg3 Rxf1+ 26. Kxf1 Nf6 27. Qxd6 Nxg4 28. Qf8+ Kc7 29. Qf7+ Kc8 30. Qf8+ Kc7 31. Qf7+ Kd8 32. Qxb7 Nxe3+ 33. Kf2 cxd4 34. Qb8+ Kd7 35. Qxa7+ Kc6 36. Qa8+ Kc5 37. Qf3 Nxc2 38. Qf8+ Kc4 39. Qc8+ Kd3 40. Qa6+ Kd2 41. Kg1 Qe3+ 42. Kh2 d3 43. a4 Kc1 44. a5 bxa5 45. Qxa5 d2 46. b4 d1=Q 47. Qc7 Qdg1# 0-1

[Event "Late-Titled-Tuesday-Blitz-January-23-2024"]
[Site "Chess.com"]
[Date "2024.01.23"]
[Round "5"]
[White "DrCeltic"]
[Black "ural58"]
[Result "1-0"]
[WhiteElo "2606"]
[BlackElo "2451"]
[TimeControl "180+1"]
[EndTime "14:55:12 PST"]
[Termination "DrCeltic won by resignation"]

1. e4 d5 2. exd5 Qxd5 3. Nc3 Qa5 4. Nf3 Nc6 5. Bb5 Bd7 6. d4 a6 7. Ba4 O-O-O 8. d5 Be6 9. Bb3 Nf6 10. Bd2 Nxd5 11.
Nxd5 Rxd5 12. Bxd5 Qxd5 13. O-O Bg4 14. Bc3 Bxf3 15.
Qxf3 Qxf3 16. gxf3 e6 17. Rad1 Be7 18. Kg2 Re8 19. Rfe1 g6 20. Re4 Bd6 21. Rh4 h5 22. a3 Ne7 23. Bb4 Nf5 24. Re4 c5 25. Rc4 b6 26.
Bc3 Bc7 27. a4 Nd6 28. Rf4 Nf5 29. Re4 a5 30. Be5 Bxe5 31. Rxe5 Kc7 32. c3 Re7 33. b4 axb4 34. cxb4 cxb4 35. Rb5 Nh4+ 36. Kg3 Nf5+ 37. Kf4 f6 38. Rxb4 e5+ 39. Ke4 Nd6+ 40.
Kd5 Nb7 41. Rc1+ Nc5 42. a5 Rd7+ 43. Kc4 Rd4+ 44. Kb5 Rxb4+ 45. Kxb4 Kb7 46. Rxc5 bxc5+ 47. Kxc5 g5 48. Kd5 g4 49. fxg4 hxg4 50. Ke6 1-0

[Event "Late-Titled-Tuesday-Blitz-January-23-2024"]
[Site "Chess.com"]
[Date "2024.01.23"]
[Round "5"]
[White "Ducke13"]
[Black "ATM622"]
[Result "1-0"]
[WhiteElo "2310"]
[BlackElo "2460"]
[TimeControl "180+1"]
[EndTime "14:55:12 PST"]
[Termination "Ducke13 won by checkmate"]

1. d4 Nf6 2. g3 e6 3. c4 d5 4. Bg2 dxc4 5. Nf3 Bd7 6. Ne5 Bc6 7. Nxc6 Nxc6 8. e3 Qd7 9. O-O O-O-O 10. Qa4 Nd5 11.
Qxc4 h5 12. Nc3 h4 13. Bd2 f5 14. Rfc1 g5 15. a3 g4 16. b4 hxg3 17. hxg3 Nb6 18. Qe2 Bg7 19. Nb5 Kb8 20. Nxc7 Qxc7 21. b5 Nxd4 22. exd4 Qd7 23. Bf4+ Ka8 24. Rc7 Qxc7 25. Bxc7 Rxd4 26. Be5 Bxe5 27. Qxe5 Rhd8 28. Qxe6 f4 29.
Qxg4 fxg3 30. Qxg3 Rd3 31. Qg5 R3d7 32. Re1 Nc4 33.
a4 Nd2 34. Qf4 Nb3 35. Qf3 Nd4 36. Qe4 Rf8 37. a5 Kb8 38. b6 axb6 39. axb6 Nc6 40.
Qe6 Re7 41. Qd6+ Kc8 42. Rxe7 Nxe7 43. Qxe7 Rf7 44. Qxf7 Kd8 45. Qf8+ Kd7 46. Qf7+ Kd6 47. Qf6+ Kc5 48. Qe5+ Kxb6 49. Qe7 Ka5 50. Qxb7 Ka4 51. Kf1 Ka5 52. Ke2 Ka4 53. Kd3 Ka5 54. Kc4 Ka4 55.
Qa7# 1-0

[Event "Late-Titled-Tuesday-Blitz-January-23-2024"]
[Site "Chess.com"]
[Date "2024.01.23"]
[Round "5"]
[White "Blackwhite017"]
[Black "DonJuan_34"]
[Result "0-1"]
[WhiteElo "2082"]
[BlackElo "2388"]
[TimeControl "180+1"]
[EndTime "14:55:14 PST"]
[Termination "DonJuan_34 won on time"]

1. e4 e6 2. d3 d5 3. Nd2 Nf6 4.
Ngf3 Bc5 5. e5 Nfd7 6. d4 Be7 7. Bd3 c5 8. c3 Nc6 9. a3 a5 10. O-O cxd4 11. cxd4 a4 12. b4 axb3 13. Nxb3 Nb6 14. Be3 Nc4 15. Bxc4 dxc4 16. Nc5 Qd5 17. Qc2 Bxc5 18. dxc5 Nxe5 19. Nxe5 Qxe5 20. Qxc4 O-O 21. Bd4 Qf5 22. Rae1 Bd7 23. Re5 Qg4 24. h3 Qg6 25. Bb2 Bc6 26. g3 Ra4 27. Qc1 Re4 28. Rg5 Qh6 29. Rxg7+ Qxg7 30. Bxg7 Kxg7 31. Qg5+ Kh8 32.
Qf6+ Kg8 33. Rd1 Ra8 34. h4 Rea4 35. h5 Rg4 36. h6 Re8 37. Rd8 Kf8 38. Rxe8+ Kxe8 39. Qh8+ Ke7 40. Qxh7 Rc4 41. Qb1 Be4 42. Qa1 Rxc5 43. h7 Bxh7 0-1

[Event "Late-Titled-Tuesday-Blitz-January-23-2024"]
[Site "Chess.com"]
[Date "2024.01.23"]
[Round "5"]
[White "Alex_Sahakyan2006"]
[Black "stoleriu"]
[Result "1-0"]
[WhiteElo "2726"]
[BlackElo "2564"]
[TimeControl "180+1"]
[EndTime "14:55:15 PST"]
[Termination "Alex_Sahakyan2006 won by resignation"]

1. e4 e6 2. d4 d5 3. exd5 exd5 4.
Nc3 c6 5. Nf3 Bd6 6. Bd3 Bg4 7.
O-O Ne7 8. Qe2 Nd7 9. Re1 Bh5 10. Bg5 f6 11. Bf4 Bxf4 12. Qe6 Bxf3 13. gxf3 Nf8 14. Qg4 Bh6 15. Re2 Qd7 16. Bf5 Qd6 17. Rae1 Kf7 18.
Rxe7+ Qxe7 19. Rxe7+ Kxe7 20. Bc8 Rb8 21. Na4 Kd8 22. Bf5 g6 23. Qg3 Ra8 24. Qd6+ Ke8 25. Be6 Bf4 26. Qxf4 Nxe6 27. Qxf6 Kd7 28. Qf7+ Kd6 29.
Qxb7 Rab8 30. Qa6 Nxd4 31. Qxa7 Ne6 32. Nb6 Rhd8 33. Qa3+ c5 34. Qa6 Nc7 35. Nc4+ Ke7 36. Qc6 Ne6 37. Ne3 d4 38. Nd5+ Kf7 39. Nb6 Re8 40. a4 Re7 41. Nd5 Ra7 42. b3 Re8 43.
Qd6 Rb7 44. Nf4 Nxf4 45. Qxf4+ Kg7 46. Qd6 Rd8 47. Qxd8 c4 48. Qxd4+ 1-0

[Event "Late-Titled-Tuesday-Blitz-January-23-2024"]
[Site "Chess.com"]
[Date "2024.01.23"]
[Round "5"]
[White "aa175"]
[Black "Mops_2004"]
[Result "1/2-1/2"]
[WhiteElo "2682"]
[BlackElo "2854"]
[TimeControl "180+1"]
[EndTime "14:55:16 PST"]
[Termination "Game drawn by repetition"]

1. e4 c6 2. d4 d5 3. exd5 cxd5 4. Bd3 Nf6 5. Nf3 Nc6 6. c3 Bg4 7. h3 Bh5 8. O-O e6 9. Bf4 Bd6 10. Bxd6 Qxd6 11. Re1 O-O 12. Nbd2 Rab8 13. a4 a6 14. a5 Qc7 15. Qa4 Bg6 16. Bxg6 hxg6 17. Ne5 Nxe5 18. dxe5 Nd7 19. Nf3 Rfc8 20. Qb4 Qc5 21. Qh4 Qc4 22. Qe7 Qc7 23. Qh4 Qc4 24. Qe7 Nf8 25. Ng5 Qc7 26. Qb4 Qc4 27. Ra4 Qxb4 28.
Rxb4 Nd7 29. Rf4 Rf8 30. c4 Nc5 31. Rd1 Rbd8 32. b4 Nd7 33. Nf3 Nb8 34. cxd5 Rxd5 35. Rxd5 exd5 36. b5 axb5 37. Rb4 Nc6 38. Rxb5 Ra8 39.
Rxb7 Nxa5 40. Rd7 Kf8 41. Ng5 Ke8 42. Rxf7 d4 43. Rxg7 d3 44. Ne4 Ra6 45. Kf1 Nc4 46. f4 Ra1+ 47. Kf2 d2 48. Nf6+ Kf8 49. Rd7 d1=Q 50. Nh7+ Ke8 51. Nf6+ Kf8 52. Nh7+ Kg8 53. Nf6+ Kf8 1/2-1/2

[Event "Late-Titled-Tuesday-Blitz-January-23-2024"]
[Site "Chess.com"]
[Date "2024.01.23"]
[Round "5"]
[White "MusicCityMaster"]
[Black "youngdinousaur"]
[Result "1-0"]
[WhiteElo "2469"]
[BlackElo "2318"]
[TimeControl "180+1"]
[EndTime "14:55:16 PST"]
[Termination "MusicCityMaster won on time"]

1. d4 Nf6 2. c4 e6 3. a3 d5 4. e3 Be7 5. Nf3 O-O 6. Nc3 c5 7. Bd3 Nc6 8. O-O dxc4 9. Bxc4 cxd4 10. exd4 b6 11. Bd3 Bb7 12. Bc2 Rc8 13. Qd3 g6 14.
Bh6 Re8 15. Rfe1 Nd5 16. Rad1 Bf6 17. Ne4 Bg7 18. Bxg7 Kxg7 19. Neg5 Qf6 20. Bb3 Nf4 21. Qe3 Na5 22. Ba2 Nd5 23. Qd2 Nc4 24. Bxc4 Rxc4 25. Ne5 Rc7 26. Rc1 Rec8 27. Rxc7 Rxc7 28. Rc1 Qf5 29.
g4 Rxc1+ 30. Qxc1 Qf4 31. Qxf4 Nxf4 32. Ngxf7 Ne2+ 33. Kf1 Nxd4 34. Nd6 Ba6+ 35. Kg2 Kf6 36. Nf3 e5 37. Ne4+ Ke7 38. Nxe5 Bb7 39. f3 Ke6 40. Nd3 h5 41. gxh5 gxh5 42. Kf2 Bxe4 43. fxe4 Nb3 44.
Ke3 a5 45. Nf4+ Ke5 46. Nxh5 Nc5 47. Ng3 b5 48. h4 b4 49. axb4 axb4 50. h5 Nd7 51.
Nf5 Nf6 52. h6 b3 53. Nd4 1-0

[Event "Late-Titled-Tuesday-Blitz-January-23-2024"]
[Site "Chess.com"]
[Date "2024.01.23"]
[Round "5"]
[White "BozeKat"]
[Black "tgpgoat"]
[Result "0-1"]
[WhiteElo "2010"]
[BlackElo "2422"]
[TimeControl "180+1"]
[EndTime "14:55:17 PST"]
[Termination "tgpgoat won on time"]

1. c4 Nf6 2. g3 e6 3. Bg2 d5 4. Nf3 dxc4 5. Qa4+ Bd7 6. Qxc4 Bc6 7. O-O Be7 8. Rd1 O-O 9. b3 Nbd7 10. Bb2 Bd5 11. Qc1 Nb6 12. Nc3 Bc6 13. d3 Nfd5 14.
Ne4 Nf6 15. Nc5 Nbd7 16. Nxd7 Nxd7 17. Qd2 Bf6 18. Rac1 Bxb2 19. Qxb2 Qe7 20. Rxc6 bxc6 21. Rc1 c5 22. Ne5 Nxe5 23. Bxa8 Qd6 24. Bg2 Nd7 25.
Qc3 Rb8 26. Qa5 Qb6 27. Qc3 Qd6 28. Qc4 Rb4 29. Qc3 f6 30. Qe1 Ne5 31. Qc3 Nd7 32.
Bh3 Kf8 33. Qb2 Ke7 34. Rc2 Ne5 35. Qc1 Nd7 36. Rc4 Rb8 37. Re4 e5 38. Bxd7 Kxd7 39.
Rc4 Rb5 40. Qe3 Qd5 41. Rh4 h6 42. Qe4 Qxe4 43. Rxe4 Rb4 44. Rc4 Kd6 45. Kf1 Rb6 46. Ke1 Ra6 47. Rc2 Kd5 48. Kd2 Rb6 49. e3 Rb4 50. Rc4 a5 51. h4 Rb5 52. Kc3 c6 53. Rg4 g5 54. hxg5 hxg5 55. Rc4 Rb8 56. Kd2 f5 57. Rc1 a4 58. Rb1 axb3 59. Rxb3 Ra8 60. a3 Rh8 61. Ke2 Rh1 62. Rc3 Ra1 63. Rb3 Ra2+ 64.
Kf1 c4 65. dxc4+ Kxc4 66. Rb6 Kd5 67. Rb3 c5 68. Kg2 c4 69. Rc3 Rb2 70. Kf1 Rb3 0-1

[Event "Late-Titled-Tuesday-Blitz-January-23-2024"]
[Site "Chess.com"]
[Date "2024.01.23"]
[Round "5"]
[White "YurasovMat-2012"]
[Black "DeArron_Fox"]
[Result "1-0"]
[WhiteElo "2595"]
[BlackElo "2438"]
[TimeControl "180+1"]
[EndTime "14:55:19 PST"]
[Termination "YurasovMat-2012 won by resignation"]

1. e4 c5 2. Nf3 e6 3. g3 d5 4. exd5 exd5 5. Bg2 Nf6 6. O-O Be7 7. d4 O-O 8. dxc5 Bxc5 9. Bg5 Nc6 10. Nc3 d4 11.
Ne4 Be7 12. Nxf6+ Bxf6 13. Bxf6 Qxf6 14. Re1 Bg4 15. h3 Bh5 16. g4 Bg6 17. Nd2 Rfe8 18.
Ne4 Qf4 19. Nc5 Rxe1+ 20. Qxe1 Ne5 21. Qc1 Nf3+ 22. Kf1 Nd2+ 23. Kg1 Rc8 24. Qe1 Nf3+ 25. Bxf3 Qxf3 26. Qe7 h5 27. Qg5 hxg4 28. hxg4 Bxc2 29.
Re1 d3 30. Ne4 Re8 31. Nf6+ Qxf6 32. Rxe8+ Kh7 33. Qxf6 gxf6 34. Rd8 Kg6 35. f4 f5 36. Rd6+ Kg7 37. gxf5 Kf8 38. f6 Kg8 39. Kf2 Kh7 40.
Ke3 Kg6 41. Kd2 Kf5 42. Rd7 Kxf6 43. Rxb7 a5 44. b3 Kf5 45. Rxf7+ Ke6 46. Ra7 a4 47.
Rxa4 Kf5 48. Rd4 Kg4 49. b4 Kf5 50. b5 Ke6 51. b6 1-0

[Event "Late-Titled-Tuesday-Blitz-January-23-2024"]
[Site "Chess.com"]
[Date "2024.01.23"]
[Round "5"]
[White "katharinareinecke"]
[Black "AkatsukiLogHorizon"]
[Result "0-1"]
[WhiteElo "2005"]
[BlackElo "2249"]
[TimeControl "180+1"]
[EndTime "14:55:19 PST"]
[Termination "AkatsukiLogHorizon won on time"]

1. d4 Nf6 2. Nf3 g6 3. c4 Bg7 4. g3 O-O 5. Bg2 d5 6. cxd5 Nxd5 7. O-O Bf5 8. e3 c6 9. Nh4 Bxb1 10. Rxb1 Nd7 11.
f4 f5 12. Nf3 e6 13. Bd2 N7f6 14. Ne5 Qe7 15. b4 Nd7 16. Qb3 Nxe5 17. dxe5 Rfd8 18. Rfd1 Qc7 19. Rbc1 Qb6 20. a4 Bf8 21. a5 Qc7 22. b5 c5 23. b6 axb6 24. axb6 Qd7 25. Be1 Qc6 26. Bf2 Rd7 27. e4 fxe4 28. Bxe4 Rad8 29. Rd3 Qc8 30. Rdd1 Qa8 31. Bxd5 Rxd5 32. Rxd5 Rxd5 33. Rd1 Qd8 34. Rxd5 Qxd5 35. Qb5 Kf7 36. Kf1 Qh1+ 37. Ke2 Qe4+ 38. Be3 Qc2+ 39. Kf3 Qd1+ 40. Kf2 Qd5 41. Ke2 Be7 42. Bf2 Bd8 43. Be3 Be7 44. Bf2 h5 45. Be3 c4 46. Bf2 Qxb5 0-1

[Event "Late-Titled-Tuesday-Blitz-January-23-2024"]
[Site "Chess.com"]
[Date "2024.01.23"]
[Round "5"]
[White "GMG"]
[Black "diamonds13"]
[Result "1-0"]
[WhiteElo "2782"]
[BlackElo "2375"]
[TimeControl "180+1"]
[EndTime "14:55:20 PST"]
[Termination "GMG won by resignation"]

1. Nf3 c5 2. c4 Nc6 3. d4 cxd4 4. Nxd4 g6 5. e4 Bg7 6. Be3 d6 7. Nc3 Nf6 8. f3 O-O 9. Qd2 Nxd4 10. Bxd4 Nd7 11. h4 h5 12. Bxg7 Kxg7 13. O-O-O Nc5 14. e5 Bf5 15. exd6 exd6 16. Qd4+ Kg8 17. Nd5 Ne6 18. Nf6+ Kh8 19. Qc3 Ng7 20. g4 hxg4 21. fxg4 Bxg4 22. Nxg4 f5 23. Ne5 Qf6 24. Nf3 Qe7 25. Rg1 Rf6 26. Re1 Qf8 27. Bd3 d5 28. Kb1 dxc4 29. Bxc4 Rc8 30.
Qb3 Rb6 31. Qd3 Qb4 32. Bb3 a5 33. Qd4 Qxd4 34. Nxd4 Rb4 35. Ne6 a4 36. Bc2 Rbc4 37. Bd3 Rxh4 38. Rxg6 Nxe6 39. Rgxe6 a3 40. bxa3 Rc3 41.
Bxf5 Rxa3 42. Rb6 Ra5 43. Rxb7 Ra8 44. Bc2 Rf8 45. Rbe7 Rh2 46. Re8 Rxe8 47. Rxe8+ Kg7 48. a4 Kf7 49. Re1 Rh4 50. Kb2 Rb4+ 51. Bb3+ Kf6 52.
Kc3 Rb7 53. a5 Rb8 54. Bc4 1-0

[Event "Late-Titled-Tuesday-Blitz-January-23-2024"]
[Site "Chess.com"]
[Date "2024.01.23"]
[Round "5"]
[White "platy3"]
[Black "angelgab3"]
[Result "1-0"]
[WhiteElo "2868"]
[BlackElo "2691"]
[TimeControl "180+1"]
[EndTime "14:55:21 PST"]
[Termination "platy3 won on time"]

1. e4 e5 2. Nf3 Nc6 3. Bc4 Nf6 4. d3 Bc5 5. a4 d6 6. O-O O-O 7. Be3 Bxe3 8. fxe3 a5 9. h3 Be6 10. Bxe6 fxe6 11.
Nbd2 Qe8 12. c3 b6 13. Qb3 h6 14. Rf2 Nd7 15. d4 Kh8 16. Raf1 exd4 17. exd4 e5 18. Qc4 Nf6 19. d5 Nd8 20. Qxc7 Qxa4 21. Nh4 Rf7 22. Qxd6 Nxe4 23. Nxe4 Qxe4 24. Ng6+ Kh7 25. Nxe5 Rxf2 26. Rxf2 Nb7 27. Qxb6 Qe1+ 28. Rf1 Qxe5 29. Qxb7 Rb8 30. Qa6 Qxd5 31. Qe2 a4 32. Qc2+ Kg8 33. Rf2 a3 34. bxa3 Ra8 35. a4 Qc4 36. Rd2 Qc5+ 37. Kh1 Re8 38.
Rd1 Ra8 39. Qb3+ Kh8 40. Rf1 Qc6 41. Rf4 Qd6 42. Qc4 Qd1+ 43. Kh2 Qd6 44. Qd4 Qc6 45. Qe4 Qc8 46. Qd4 Qc7 47. Qc4 Qb8 48. Kh1 Qb1+ 49. Rf1 Qc2 50. a5 1-0

[Event "Late-Titled-Tuesday-Blitz-January-23-2024"]
[Site "Chess.com"]
[Date "2024.01.23"]
[Round "5"]
[White "FREZZY23"]
[Black "mfwagnerpeixoto"]
[Result "1-0"]
[WhiteElo "2508"]
[BlackElo "2319"]
[TimeControl "180+1"]
[EndTime "14:55:21 PST"]
[Termination "FREZZY23 won by resignation"]

1. d4 Nf6 2. Nf3 g6 3. g3 Bg7 4. Bg2 O-O 5. O-O d5 6. c4 dxc4 7. Na3 c3 8. bxc3 c5 9. dxc5 Qc7 10. Qd4 Nfd7 11. Qc4 Qxc5 12. Be3 Qxc4 13. Nxc4 Bxc3 14. Rac1 Bg7 15. Rfd1 Nc6 16. Nd4 Nxd4 17. Bxd4 Bxd4 18. Rxd4 Nc5 19. Na5 Ne6 20. Rd3 a6 21. Nxb7 Bxb7 22. Bxb7 Ra7 23. Bc8 a5 24. Bxe6 fxe6 25. Rc6 Rf6 26. Ra3 a4 27. Rc4 Ra5 28. Rcxa4 Raf5 29. f3 Rd5 30. Re4 Rd2 31. Ra6 Kf7 32. a4 Ra2 33. a5 h5 34. Ra8 Rf5 35. Ra6 Raxa5 36. Raxe6 Ra7 37. Kg2 g5 38. Rh6 g4 39. fxg4 hxg4 40. Rf4 Rxf4 41. gxf4 Ra2 42. Kf2 Ra4 43. Ke3 Ra3+ 44.
Ke4 Ra2 45. e3 Rg2 46. Kf5 g3 47. hxg3 Rxg3 48. Rh7+ Ke8 49. e4 Ra3 50. e5 Kd7 51. Rh1 Rd3 52. Rb1 e6+ 53. Kf6 Rd4 54. Rb7+ Kc8 55. Rf7 Rxf4+ 56. Kxe6 Re4 57. Kd6 Rd4+ 58. Ke7 Rd7+ 59. Kf6 Rd1 60. e6 Re1 61. Rf8+ Kc7 62. e7 Rf1+ 63. Kg6 Rg1+ 64. Kh5 Rh1+ 65. Kg4 1-0

[Event "Late-Titled-Tuesday-Blitz-January-23-2024"]
[Site "Chess.com"]
[Date "2024.01.23"]
[Round "5"]
[White "iulik86"]
[Black "Revan_2002"]
[Result "1-0"]
[WhiteElo "2600"]
[BlackElo "2446"]
[TimeControl "180+1"]
[EndTime "14:55:22 PST"]
[Termination "iulik86 won by resignation"]

1. e4 e5 2. Nf3 Nc6 3. d4 exd4 4. Nxd4 Bc5 5. Nb3 Bb6 6. Nc3 Nf6 7. Qe2 O-O 8. Bg5 h6 9. Bh4 d6 10. O-O-O Be6 11. Kb1 a5 12. a3 Re8 13. f3 a4 14.
Nc1 Nd4 15. Qd3 c5 16. Nd5 Bxd5 17. exd5 Ba5 18. c3 Nb3 19. Nxb3 axb3 20. Qb5 Ra6 21. Bxf6 gxf6 22. Qxb3 Ra8 23. Bb5 Re3 24. a4 Qe7 25. Qc2 Kh8 26. Qd2 Rg8 27. g3 Kg7 28. Rhe1 Re5 29. f4 Re4 30. Bd3 Rxe1 31. Rxe1 Qd7 32. Bc2 Re8 33. Rxe8 Qxe8 34. Qd3 Qe1+ 35. Ka2 Qf2 36.
Qh7+ Kf8 37. Qxh6+ Ke7 38. Qh7 f5 39. Qxf5 Qxh2 40.
g4 Qe2 41. g5 Qc4+ 42. Bb3 Qe2 43. Qf6+ Ke8 44. Qxd6 Bxc3 45. Qb8+ Kd7 46. Qxb7+ Kd8 47. Qb8+ Kd7 48. Qb5+ Kd8 49. Qxe2 1-0

[Event "Late-Titled-Tuesday-Blitz-January-23-2024"]
[Site "Chess.com"]
[Date "2024.01.23"]
[Round "5"]
[White "ContrVersia"]
[Black "nindjaxx8"]
[Result "1-0"]
[WhiteElo "2850"]
[BlackElo "2615"]
[TimeControl "180+1"]
[EndTime "14:55:23 PST"]
[Termination "ContrVersia won on time"]

1. c4 e6 2. Nf3 d5 3. b3 Nf6 4. g3 Be7 5. Bg2 O-O 6. O-O b6 7. Nc3 Bb7 8. Bb2 d4 9. Nb5 c5 10. e3 a6 11. Na3 d3 12. Ne5 Bxg2 13. Kxg2 Ne4 14. f3 Nd6 15. Qb1 Qc8 16. Qxd3 Rd8 17. Qe2 Nc6 18. Nxc6 Qxc6 19. Nc2 b5 20. d3 Rab8 21.
Bc3 Ne8 22. Rad1 Bf6 23. Bxf6 Nxf6 24. Rd2 h5 25. Rfd1 h4 26. d4 bxc4 27. Qxc4 h3+ 28. Kf2 Ng4+ 29. Ke2 Nxh2 30. e4 Qc7 31. Kf2 Qe7 32.
Rh1 Qg5 33. Ne3 cxd4 34. Rxd4 Rxd4 35. Qxd4 Rd8 36. Qb2 Qa5 37. Rd1 Rxd1 38. Nxd1 Qb5 39.
Ne3 a5 40. Qe2 Qc5 41. Kg1 Ng4 42. fxg4 Qd4 43. Kh2 Qxe4 44. Qf2 g6 45. g5 a4 46. Qf4 Qd3 47. Kxh3 axb3 48. axb3 Qxb3 49. Ng4 Qd1 50.
Nh6+ Kh8 51. Qxf7 Qh5+ 52. Kg2 Qe2+ 53. Qf2 Qe4+ 54. Qf3 1-0

[Event "Late-Titled-Tuesday-Blitz-January-23-2024"]
[Site "Chess.com"]
[Date "2024.01.23"]
[Round "5"]
[White "Sjakkerntobi"]
[Black "ukchessbomber"]
[Result "0-1"]
[WhiteElo "2501"]
[BlackElo "2688"]
[TimeControl "180+1"]
[EndTime "14:55:25 PST"]
[Termination "ukchessbomber won by resignation"]

1. e4 a6 2. d4 b6 3. Nc3 Bb7 4. Bd3 d6 5. Qe2 Nd7 6. Nf3 g6 7. h4 Bg7 8. h5 e6 9. Bg5 Bf6 10. Bxf6 Qxf6 11. O-O-O b5 12. e5 Qg7 13. d5 Nxe5 14.
dxe6 Bxf3 15. gxf3 O-O-O 16. exf7 Qxf7 17. Be4 Nf6 18. a4 Qc4 19. Qxc4 bxc4 20. hxg6 hxg6 21. f4 Nxe4 22. Nxe4 Ng4 23. Rhg1 Rh4 24. f3 Nh2 25. Rxg6 Rxf4 26. Ng5 Re8 27. Rh1 Nxf3 28. Nxf3 Rxf3 29. Kb1 Rf2 30. Rg7 Re5 31. Rhh7 Rc5 32. Rg8+ Kb7 33. Rhh8 Rd5 34. Rb8+ Kc6 35. Ra8 Rd1+ 36. Ka2 Rxc2 37.
Rxa6+ Kd5 38. Rh5+ Kd4 39. Rh4+ Ke3 40. Rh3+ Kf4 41.
Rc3 Rxc3 42. bxc3 c5 43. Kb2 Ke3 44. Kc2 Rd2+ 45. Kc1 Rd3 46. Kc2 d5 47. Re6+ Kf4 48.
Rh6 d4 49. cxd4 cxd4 50. Rc6 Rc3+ 51. Kd2 Ke4 52. a5 Kd5 53. Rc8 Rd3+ 54. Kc2 Rc3+ 55. Kd2 Ra3 56. Rd8+ Kc5 57. Rc8+ Kb4 58. Rd8 Ra2+ 59.
Kc1 Kc3 60. Kb1 Rxa5 61. Rb8 d3 0-1

[Event "Late-Titled-Tuesday-Blitz-January-23-2024"]
[Site "Chess.com"]
[Date "2024.01.23"]
[Round "5"]
[White "Kombinator01"]
[Black "chessflav"]
[Result "1/2-1/2"]
[WhiteElo "2455"]
[BlackElo "2320"]
[TimeControl "180+1"]
[EndTime "14:55:28 PST"]
[Termination "Game drawn - insufficient material"]

1. b4 a5 2. b5 c6 3. a4 Nf6 4.
Bb2 d5 5. e3 Bf5 6. Nf3 Nbd7 7.
d3 e6 8. Nbd2 Bb4 9. c3 Be7 10.
d4 O-O 11. Be2 Ne4 12. O-O Bd6 13. c4 dxc4 14. Nxc4 Bc7 15. bxc6 bxc6 16. Rc1 Rb8 17. Ba3 Re8 18. Ncd2 Ndf6 19. Rxc6 Qd7 20. Bb5 Rec8 21.
Qc1 Qd8 22. Nxe4 Bxe4 23. Rc3 Nd5 24. Rc5 Bxf3 25. gxf3 Qh4 26. Rxc7 Rxc7 27. Qd2 h5 28. Bd6 Rbc8 29. Bxc7 Rxc7 30. Rc1 Rxc1+ 31. Qxc1 Qh3 32. Bd3 g6 33. Be2 h4 34. Qc2 Qf5 35. Qxf5 gxf5 36. Kf1 Nc3 37. Ke1 Nxa4 38. Kd2 Nb6 39. Kc3 Kg7 40. e4 Kf6 41. Bd3 Kg5 42. exf5 exf5 43.
Bc4 Kf4 44. Bxf7 Kxf3 45. d5 Kxf2 46. Be6 Nxd5+ 47. Bxd5 f4 48. Kb3 f3 49. Ka4 Kg2 50.
Kxa5 Kxh2 51. Bxf3 Kg3 52. Ba8 h3 53. Bb7 h2 54.
Bh1 Kf2 55. Ba8 Kg1 56. Bb7 h1=Q 57. Bxh1 1/2-1/2

[Event "Late-Titled-Tuesday-Blitz-January-23-2024"]
[Site "Chess.com"]
[Date "2024.01.23"]
[Round "5"]
[White "jk13"]
[Black "OneTrickPony_82"]
[Result "1-0"]
[WhiteElo "2656"]
[BlackElo "2487"]
[TimeControl "180+1"]
[EndTime "14:55:29 PST"]
[Termination "jk13 won on time"]

1. e4 e5 2. Nf3 Nc6 3. Bc4 Nf6 4. d3 Bc5 5. O-O d6 6. c3 a5 7. Bb3 h6 8. Nbd2 O-O 9. h3 Be6 10. Bc2 d5 11. Re1 d4 12. Nf1 b5 13. Ng3 a4 14. a3 Re8 15. Bd2 Ra6 16. Qe2 Nd7 17. Kh2 Qf6 18. Nh5 Qe7 19. g4 Nf8 20. g5 Nh7 21. Rg1 g6 22. gxh6 Kh8 23. Ng7 Rg8 24.
Nxe6 Qxe6 25. Bb1 dxc3 26. bxc3 Na5 27. d4 Bd6 28. d5 Qd7 29. Bd3 Rb6 30. Rab1 Nb3 31.
Be3 Rbb8 32. Ng5 Bxa3 33. Qf3 Nxg5 34. Bxg5 Rb6 35. h7 Kxh7 36. Rg4 Kg7 37. Rh4 Rh8 38. Rxh8 Kxh8 39. Qg3 Kg8 40. Qh4 Bf8 41. Bc2 Bg7 42. Bxb3 axb3 43. Rxb3 f6 44. Be3 f5 45. Bxb6 cxb6 46. exf5 Qxd5 47. Rb2 e4 48. Re2 gxf5 49. Qg3 Kf7 50. Kg2 Be5 51. Qe3 Bf4 52. Qxf4 e3+ 53.
Qf3 Qxf3+ 54. Kxf3 1-0

[Event "Late-Titled-Tuesday-Blitz-January-23-2024"]
[Site "Chess.com"]
[Date "2024.01.23"]
[Round "5"]
[White "Rud_Makarian"]
[Black "Ellaijio_B"]
[Result "1-0"]
[WhiteElo "2981"]
[BlackElo "2745"]
[TimeControl "180+1"]
[EndTime "14:55:30 PST"]
[Termination "Rud_Makarian won by resignation"]

1. d4 Nf6 2. c4 c5 3. dxc5 e6 4.
g3 Bxc5 5. Bg2 Ng4 6. Nh3 O-O 7. O-O Nc6 8. Nc3 b6 9. b3 Bb7 10. Bb2 Nf6 11. Qd2 Be7 12. Rad1 d6 13. Nf4 a6 14. Ne4 Nxe4 15. Bxe4 Qc7 16. Rc1 Ne5 17. Bxb7 Qxb7 18. Rfd1 Rfd8 19. Qe3 Ng4 20. Qf3 Qxf3 21. exf3 Ne5 22.
Kg2 Bg5 23. Ba3 Bxf4 24. gxf4 Ng6 25. Bxd6 Nh4+ 26. Kf1 Nxf3 27. Bc7 Rdc8 28. Bxb6 Nxh2+ 29. Ke2 Ng4 30. c5 Nf6 31. b4 Nd5 32. Rxd5 exd5 33. Kd3 Rc6 34. a4 h5 35. b5 axb5 36. axb5 Rxb6 37.
cxb6 Rb8 38. Kd4 Rxb6 39. Kc5 Rb8 40. Rh1 d4 41. Rxh5 Rd8 42. b6 d3 43. b7 d2 44.
Rh1 Kf8 45. Kc6 Ke7 46. Rd1 Kf6 47. Kc7 Re8 48. Rxd2 g6 49. b8=Q Rxb8 50. Kxb8 Kf5 51. Rd4 Kg4 52. Kc7 Kf3 53. Kd6 Kxf2 54. Ke5 Ke3 55.
Ra4 g5 56. Ra3+ 1-0